Map: Romanticide LE

Players

Diogenes - Winner!

  • Race: Zerg Zerg
  • League: Bronze
  • Spawn Location: 11:00

Warrior

  • Race: Terran Terran
  • League: Silver
  • Spawn Location: 5:00

VOD

Have the link to the VOD?

Description

Time

  • Played on: Nov. 29, 2020, 4:40 p.m.
  • Length: 23:04
Show
View Real Time Build Order
Export as new Build Order

Diogenes Zerg - Winner!

Build Orders: Hatch First 

Get SALT Encoding   

  12  0:03  Drone  
  13  0:16  Overlord  
  13  0:20  Drone  
  14  0:34  Drone  
  14  0:35  Drone  
  16  0:39  Drone  
  17  0:56  Hatchery  
  16  1:01  Drone x2  
  18  1:16  Spawning Pool  
  18  1:17  Drone  
  18  1:25  Drone  
  19  1:32  Overlord  
  19  1:39  Extractor  
  18  1:44  Drone  
  19  1:56  Drone  
  20  2:07  Queen  
  22  2:09  Drone x2  
  24  2:17  Drone  
  24  2:22  Drone  
  26  2:28  Drone  
  27  2:30  Overlord  
  27  2:39  Drone  
  27  2:43  Lair, Queen  
  30  2:46  Drone  
  30  2:50  Drone  
  32  2:54  Drone  
  33  3:05  Drone x2  
  35  3:12  Overlord  
  35  3:15  Drone  
  36  3:24  Drone x2  
  36  3:25  Drone x2  
  40  3:29  Evolution Chamber  
  40  3:33  Drone, Roach Warren  
  39  3:37  Drone  
  40  3:44  Extractor, Queen  
  41  3:49  Drone x2  
  41  3:51  Extractor  
  41  3:55  Evolution Chamber  
  41  4:00  Drone x3  
  41  4:01  Drone  
  45  4:08  Drone x5  
  50  4:12  Overseer  
  50  4:31  Overlord x2  
  50  4:33  Drone  
  50  4:34  Drone  
  52  4:49  Roach x3  
  60  5:00  Roach x5  
  60  5:01  Hatchery  
  60  5:02  Overlord  
  67  5:20  Roach x3  
  73  5:45  Drone x3  
  73  5:46  Overlord x2  
  76  6:10  Drone  
  76  6:11  Drone x6  
  85  6:21  Roach x3  
  89  6:35  Zerg Ground Armor Level 1, Zerg Missile Weapons Level 1  
  89  6:37  Extractor  
  88  6:40  Roach, Extractor  
  88  6:41  Roach x4  
  88  6:46  Overlord  
  97  6:47  Overlord x2  
  97  6:51  Drone  
  98  7:03  Overlord x2  
  98  7:07  Overlord x2  
  98  7:10  Roach x5  
  98  7:15  Drone x2  
  110  7:26  Hydralisk Den  
  110  7:27  Drone x5  
  110  7:28  Drone  
  115  7:45  Drone  
  115  7:46  Drone x6  
  115  7:49  Overlord x2  
  122  7:52  Drone x2  
  124  8:07  Extractor  
  123  8:24  Hatchery  
  122  8:28  Drone x14, Hatchery  
  122  8:29  Drone  
  122  8:30  Hatchery  
  135  8:47  Hydralisk  
  135  8:48  Hydralisk x8  
  137  8:54  Drone  
  154  9:05  Overlord x5  
  154  9:15  Grooved Spines  
  154  9:17  Zerg Ground Armor Level 2, Zerg Missile Weapons Level 2  
  154  9:19  Hydralisk  
  154  9:20  Hydralisk x4  
  164  9:44  Hydralisk x10  
  164  9:45  Hydralisk x4  
  192  9:58  Extractor  
  191  10:01  Extractor  
  190  10:08  Hydralisk x5  
  200  10:20  Overseer x2  
  200  10:27  Muscular Augments  
  200  11:17  Infestation Pit  
  199  11:22  Spire  
  196  11:38  Hydralisk x4  
  199  11:46  Hydralisk x2  
  199  11:47  Hydralisk  
  176  12:15  Hydralisk x14  
  198  12:25  Hydralisk  
  157  12:52  Hydralisk x11  
  157  12:53  Hydralisk  
  171  13:02  Hydralisk  
  153  13:24  Hydralisk x6  
  151  13:32  Hydralisk x3  
  135  14:00  Hatchery  
  134  14:03  Drone x8  
  142  14:15  Hatchery, Hive  
  141  14:24  Drone x4  
  146  14:45  Drone  
  146  14:46  Drone x8  
  154  14:55  Queen  
  154  14:58  Drone x5  
  161  15:01  Queen  
  163  15:12  Overlord  
  163  15:17  Overlord  
  163  15:26  Drone x3  
  166  15:28  Drone  
  166  15:30  Queen  
  169  15:35  Overlord  
  169  15:37  Queen  
  171  15:45  Drone x5  
  176  16:06  Queen  
  176  16:08  Drone x9  
  187  16:15  Greater Spire  
  187  16:33  Drone  
  187  16:34  Drone x12  
  162  17:26  Corruptor  
  162  17:27  Corruptor x12  
  184  17:40  Overlord x6  
  184  17:42  Overlord  
  173  18:07  Brood Lord x2  
  173  18:08  Brood Lord x2  
  173  18:09  Brood Lord  
  184  18:27  Drone x4  
  184  18:28  Drone x5  
  192  19:17  Hydralisk x2  
  192  19:18  Hydralisk x2  
  200  19:26  Zerg Missile Weapons Level 3  
  200  19:27  Zerg Ground Armor Level 3  
  200  19:43  Spore Crawler  
  199  19:46  Spore Crawler  
  199  19:49  Spore Crawler  
  197  19:57  Spore Crawler  
  196  20:01  Spore Crawler  
  195  20:12  Spore Crawler  
  194  20:56  Spore Crawler  
  193  21:25  Spore Crawler  
  191  21:28  Spore Crawler  
  190  21:40  Hydralisk  
  190  21:41  Hydralisk x5  
  198  22:00  Roach Warren  
  195  22:15  Hydralisk x3  
Show
View Real Time Build Order
Export as new Build Order

Warrior Terran 

Build Orders:  

Get SALT Encoding   

  12  0:12  Supply Depot  
  12  0:38  Barracks  
  12  0:42  SCV  
  13  0:48  Refinery  
  14  0:57  Refinery, SCV  
  14  1:11  Barracks  
  14  1:15  SCV  
  15  1:27  Barracks Tech Lab, SCV  
  17  1:43  Orbital Command  
  16  1:49  Marine  
  17  2:00  Barracks Reactor  
  17  2:11  Supply Depot  
  17  2:16  SCV  
  17  2:22  Combat Shield  
  18  2:28  SCV  
  19  2:36  Marine  
  20  2:43  SCV  
  21  2:52  Factory  
  21  2:56  SCV  
  22  3:05  Marine  
  22  3:08  SCV  
  24  3:20  SCV  
  24  3:24  Marine x2  
  27  3:31  Marine  
  27  3:32  SCV  
  29  3:38  Supply Depot  
  29  3:41  Factory Tech Lab, Stimpack  
  29  3:44  Marine, SCV  
  31  3:59  Marine  
  31  4:01  Engineering Bay  
  32  4:03  SCV  
  33  4:11  Barracks  
  33  4:16  Supply Depot  
  33  4:25  Armory  
  33  4:27  SCV  
  34  4:33  Marine  
  35  4:39  Marine x2  
  35  4:42  Siege Tank  
  40  4:47  Supply Depot  
  40  4:52  Marine  
  40  4:57  Marine x2  
  43  5:07  Starport  
  43  5:09  Supply Depot  
  43  5:14  Marine  
  43  5:15  Marine  
  43  5:16  Terran Ship Weapons Level 1  
  43  5:19  Terran Infantry Weapons Level 1  
  45  5:21  Concussive Shells  
  45  5:25  Barracks Reactor  
  45  5:28  Marine  
  46  5:32  Marine  
  46  5:33  Marine  
  46  5:34  Missile Turret  
  48  5:45  Marine  
  48  5:47  Starport Tech Lab  
  48  5:49  SCV  
  50  5:58  Fusion Core  
  50  6:03  Marine  
  51  6:04  Marine x2  
  51  6:07  Marine x2  
  55  6:21  Marine  
  55  6:23  Command Center  
  56  6:30  Marine  
  56  6:31  Marine  
  58  6:41  Marine x2  
  60  6:48  Weapon Refit  
  60  7:00  Supply Depot  
  60  7:06  Marine  
  60  7:07  Marine  
  62  7:10  Terran Vehicle Weapons Level 1  
  62  7:13  Terran Infantry Armor Level 1  
  62  7:23  Supply Depot  
  62  7:29  Supply Depot  
  62  7:39  Battlecruiser  
  62  7:43  Marine  
  69  7:48  Widow Mine  
  69  7:51  Marine x2  
  72  7:57  SCV  
  74  8:07  Marine x2  
  74  8:09  Widow Mine  
  78  8:17  Bunker  
  78  8:25  Orbital Command  
  78  8:28  Rapid Reignition System  
  78  8:30  Supply Depot  
  78  8:56  Battlecruiser  
  84  9:04  Refinery  
  84  9:13  Refinery, SCV  
  85  9:24  Advanced Ballistics  
  85  9:25  SCV  
  86  9:32  Orbital Command  
  86  9:38  Refinery  
  86  9:39  Refinery  
  86  9:44  Missile Turret  
  86  9:48  Missile Turret  
  86  9:51  Missile Turret  
  86  9:57  Missile Turret  
  86  9:58  Missile Turret  
  86  10:26  Command Center  
  86  10:44  Bunker  
  86  10:46  Marine x2  
  86  10:47  Marine  
  89  11:00  SCV  
  90  11:04  Marine  
  90  11:09  Marine  
  90  11:10  Marine  
  93  11:12  Siege Tank, SCV  
  97  11:19  Neosteel Armor  
  97  11:25  SCV  
  94  11:27  Marine  
  89  11:37  SCV  
  83  11:44  Siege Tank  
  67  11:49  SCV  
  40  12:53  Marine x2  
  33  13:00  SCV  
  34  13:11  Marine  
  34  13:12  SCV  
  14  13:58  Marine x2  
  14  14:00  Siege Tank  
  19  14:09  Starport  
  19  14:14  Starport  
  19  14:16  Marine x2, SCV  
  22  14:29  SCV  
  23  14:33  Supply Depot  
  23  14:40  Hi-Sec Auto Tracking  
  23  14:41  SCV  
  23  14:44  Widow Mine  
  23  14:45  Marine x2  
  27  14:50  Starport Tech Lab  
  28  14:54  Supply Depot  
  28  15:02  Missile Turret, SCV  
  29  15:07  Starport Tech Lab  
  30  15:14  SCV  
  30  15:15  Widow Mine  
  32  15:29  Fusion Core  
  32  15:33  Missile Turret  
  32  15:34  SCV  
  33  15:42  Marine x2  
  35  15:49  Siege Tank  
  38  15:57  Supply Depot  
  38  16:00  Marine x2  
  38  16:02  SCV  
  41  16:17  Marine, Battlecruiser  
  41  16:18  Marine  
  49  16:20  Battlecruiser  
  55  16:34  SCV  
  55  16:35  Marine x2  
  58  16:53  Marine x2  
  60  16:58  Command Center  
  60  17:07  SCV  
  20  18:22  SCV  
  21  18:30  SCV  
  22  18:41  SCV  
  23  18:42  SCV  
  24  18:53  SCV  
  25  18:59  Engineering Bay  
  25  19:10  Starport Tech Lab  
  25  19:12  Starport Tech Lab  
  25  19:13  Barracks  
  25  19:24  SCV  
  25  19:28  Fusion Core  
  26  19:47  Barracks, Battlecruiser  
  26  19:48  Battlecruiser  
  38  19:58  Planetary Fortress  
  38  20:03  Supply Depot  
  38  20:14  Barracks Reactor  
  38  20:19  Bunker  
  30  20:37  Missile Turret  
  30  20:42  Supply Depot  
  30  21:03  Marine  
  31  21:05  Supply Depot  
  31  21:27  Marine  
  32  21:33  Battlecruiser  
Tags
 
Add a new tag
Caveats
  • Supply blocks, unpowered buildings, or Contaminate may cause inaccurate times.
  • Supply counts are checked every 10 seconds.